 Dungeon Crawl Stone Soup version 0.21.1-74-g47da9253eb (webtiles) character file.

471 SacredBeard the Slasher (level 7, 0/54 HPs)
             Began as a Formicid Berserker on Aug 13, 2018.
             Was a Priest of Trog.
             Slain by a slave (2 damage)
             ... led by Pikel
             ... on level 3 of the Dungeon.
             The game lasted 00:17:47 (4389 turns).

SacredBeard the Slasher (Formicid Berserker)        Turns: 4389, Time: 00:17:48

Health: 0/54       AC: 10    Str: 24    XL:     7   Next: 31%
Magic:  7/7        EV:  7    Int:  6    God:    Trog [***...]
Gold:   165        SH:  9    Dex: 10    Spells: 6/6 levels left

rFire    . . .     SeeInvis +   k - +0 falchion
rCold    . . .     Gourm    .   m - +0 shield
rNeg     . . .     Faith    .   d - +0 chain mail
rPois    .         Spirit   .   (helmet unavailable)
rElec    .         Reflect  .   (no cloak)
rCorr    .         Harm     .   r - +0 pair of gloves
MR       .....                  (no boots)
Stlth    ..........             (no amulet)
HPRegen  0.18/turn              q - ring of flight
MPRegen  0.10/turn              (no ring)

@: no status effects
A: permanent stasis, dig shafts and tunnels, four strong arms, antennae 3
a: Dig, Shaft Self, Trog's Hand, Burn Spellbooks, Renounce Religion, Evoke
Flight


You were on level 3 of the Dungeon.
You worshipped Trog.
Trog was most pleased with you.
You were not hungry.

You visited 1 branch of the dungeon, and saw 4 of its levels.

You collected 165 gold pieces.

Inventory:

Hand Weapons
 b - a +0 falchion
 k - a +0 falchion (weapon)
Armour
 d - a +0 chain mail (worn)
 m - a +0 shield (worn)
 r - a +0 pair of gloves (worn)
Jewellery
 q - a ring of flight (left hand)
Wands
 j - a wand of disintegration (13)
Scrolls
 a - 2 scrolls of enchant weapon {unknown}
 f - 3 scrolls of remove curse {unknown}
 h - 3 scrolls of identify {unknown}
 i - a scroll of teleportation {unknown}
 l - a scroll of fear {unknown}
 o - 2 scrolls of fog {unknown}
 p - a scroll of noise {unknown}
 t - 2 scrolls of magic mapping {unknown}
Potions
 e - 2 potions of agility
 g - a potion of degeneration {unknown}
 n - a potion of flight {unknown}
 u - a potion of heal wounds {unknown}
 v - 2 potions of curing {unknown}
Comestibles
 c - 3 rations
 s - 7 chunks of flesh


   Skills:
 * Level 4.2 Fighting
 + Level 4.9 Long Blades
 * Level 4.5 Armour
 * Level 3.1 Dodging
 * Level 3.0 Shields


You had 6 spell levels left.
You didn't know any spells.

Dungeon Overview and Level Annotations

Branches:
Dungeon (4/15)
 Temple: D:4-7

Altars:
The Shining One

Annotations:
D:3 Pikel


Innate Abilities, Weirdness & Mutations

You cannot be hasted, slowed, berserked, paralysed or teleported.
You can dig through walls and to a lower floor.
Your four strong arms can wield two-handed weapons with a shield.
You have a pair of large antennae on your head. (SInv)


Message History

The slave hits you.
* * * LOW HITPOINT WARNING * * *
Pikel hits you but does no damage. You block the slave's attack.
Your shield and chain mail prevent you from hitting the slave.
The slave is heavily wounded.
You block the slave's attack. x2; Pikel hits you but does no damage.
The slave hits you but does no damage.
You closely miss the slave.
The slave is heavily wounded.
You block the slave's attack. The slave hits you.
* * * LOW HITPOINT WARNING * * *
Pikel hits you with a whip of freezing.
* * * LOW HITPOINT WARNING * * *
Pikel freezes you.
* * * LOW HITPOINT WARNING * * *
The slave hits you but does no damage.
You slash the slave!
The slave is severely wounded.
The slave hits you.
You die...

#.........####### ##..##..
#...............## #..##...
######..........####..###.#.....
#...###...#####)# ##.......###.
#.......### #.######....>.# ##
#....#### #.....(.......# #
#....# #.........#...#
#...###########Kp).....)#...#
#............pp@p.......#####
#...#############.......########
#...# ###########.###.........
#...# #........#..############
#...# #..........##...........
##### #........####.##########
#.............# #........######
#........#


You could see Pikel and 4 slaves.

Vanquished Creatures
  Grinder (D:3)
  A hound (D:3)
  Natasha (thrice) (D:2)
  Robin (D:3)
  5 adders
  An ooze (D:3)
  4 worms
  2 dart slugs
  3 leopard geckos
  An orc (D:3)
  9 bats
  5 giant cockroaches
  16 goblins
  13 hobgoblins
  4 jackals (D:3)
  7 kobolds
  3 quokkas
  A ball python (D:3)
  4 frilled lizards
  5 rats
89 creatures vanquished.

Notes
Turn   | Place    | Note
-------+----------+-------------------------------------------
     0 | D:1      | SacredBeard the Formicid Berserker began the quest for the Orb.
     0 | D:1      | Reached XP level 1. HP: 18/18 MP: 1/1
   314 | D:1      | Reached XP level 2. HP: 2/24 MP: 2/2
   683 | D:1      | Reached XP level 3. HP: 9/30 MP: 3/3
  1605 | D:2      | Found a glowing golden altar of the Shining One.
  1946 | D:2      | Reached XP level 4. HP: 31/37 MP: 4/4
  2797 | D:2      | Noticed Natasha
  2820 | D:2      | Killed Natasha
  2820 | D:2      | Reached skill level 1 in Shields
  2820 | D:2      | Reached XP level 5. HP: 42/42 MP: 5/5
  2832 | D:2      | Found a glowing golden altar of the Shining One.
  2903 | D:2      | Noticed Natasha
  2965 | D:2      | Killed Natasha
  2965 | D:2      | Reached ** piety under Trog
  2996 | D:2      | Noticed Natasha
  3018 | D:2      | Killed Natasha
  3309 | D:3      | Noticed Robin
  3600 | D:3      | Killed Robin
  3685 | D:3      | Reached XP level 6. HP: 38/48 MP: 6/6
  3839 | D:3      | Noticed Grinder
  3891 | D:3      | Killed Grinder
  3891 | D:3      | Reached XP level 7. HP: 25/54 MP: 7/7
  4303 | D:3      | Reached *** piety under Trog
  4362 | D:4      | Noticed Pikel
  4388 | D:3      | HP: 1/54 [Pikel/whip of freezing (2)]
  4389 | D:3      | Slain by a slave

Skill      XL: |  1  2  3  4  5  6  7 |
---------------+----------------------+-----
Dodging        | 2 3 |  3.1
Armour         | 3 4 |  4.5
Shields        | 1 2 3 |  3.0
Long Blades    | 4 |  4.9
Fighting       | 4 |  4.2

Action                   |  1- 3 |  4- 6 |  7- 9 || total
-------------------------+-------+-------+-------++-------
Melee: Falchion          |   118 |   250 |    66 ||   434
       Unarmed           |       |     7 |       ||     7
  Eat: Chunk             |     3 |     7 |     2 ||    12
Armor: Animal skin       |     3 |       |       ||     3
       Chain mail        |     2 |   141 |    44 ||   187
       Skin              |       |     7 |       ||     7
Dodge: Dodged            |    77 |    88 |    20 ||   185
Block: Shield            |     2 |   100 |    38 ||   140
       Rpst.: Falchion   |    26 |    33 |     4 ||    63
